 Dungeon Crawl Stone Soup version 0.20.0-15-g7f486f2 (webtiles) character file.

122 botchamania the Changer (level 4, 0/34 HPs)
             Began as a Demigod Transmuter on June 29, 2017.
             Slain by Sigmund
             ... wielding a +3 scythe of flaming
              (4 damage)
             ... on level 4 of the Dungeon.
             The game lasted 00:06:55 (4111 turns).

botchamania the Changer (Demigod Transmuter)        Turns: 4111, Time: 00:06:56

Health: 0/34       AC:  2    Str: 13    XL:     4   Next: 50%
Magic:  7/9        EV: 12    Int: 19    God:
Gold:   143        SH:  0    Dex: 16    Spells: 0/6 levels left

rFire    . . .     SeeInvis .     - Unarmed
rCold    . . .     Gourm    .   (no shield)
rNeg     . . .     Faith    .   l - +0 robe
rPois    .         Spirit   .   (no helmet)
rElec    .         Reflect  .   (no cloak)
rCorr    .         Harm     .   (no gloves)
MR       .....                  (no boots)
Stlth    +.........             (no amulet)
Regen    0.2/turn               w - ring of flight
MPRegen  0.2/turn               (no ring)

@: no status effects
A: high mp 1
a: Evoke Flight


You were on level 4 of the Dungeon.
You were hungry.

You visited 1 branch of the dungeon, and saw 4 of its levels.

You collected 143 gold pieces.

Inventory:

Hand Weapons
 r - a +2 hunting sling of freezing
Missiles
 a - 45 arrows
 e - 105 stones (quivered)
Armour
 b - a +0 robe
 l - a +0 robe (worn)
Jewellery
 w - a ring of flight (left hand)
Wands
 q - a wand of random effects (26/48)
Scrolls
 g - 2 scrolls of teleportation
 i - 2 scrolls of blinking
 n - a scroll of immolation {unknown}
 u - a scroll of amnesia
 v - a scroll of fog {unknown}
 x - 2 scrolls of remove curse {unknown}
Potions
 f - 3 potions of agility
 h - a potion of curing
 k - a potion of cancellation
 o - a potion of invisibility {unknown}
 s - a potion of mutation {unknown}
Books
 c - a book of Changes

   Spells                             Type                      Level
   a - Beastly Appendage              Transmutation                1
   b - Sticks to Snakes               Transmutation                2
   c - Spider Form                    Transmutation/Poison         3
   d - Ice Form                       Ice/Transmutation            4
   e - Blade Hands                    Transmutation                5
Comestibles
 d - 2 bread rations
 j - 3 fruits
 t - 2 meat rations


   Skills:
 - Level 0.8 Fighting
 - Level 1.7 Dodging
 + Level 3.3 Unarmed Combat
 - Level 1.7 Spellcasting
 - Level 3.8 Transmutations
 + Level 1.3 Poison Magic


You couldn't memorise any spells.
You knew the following spells:

 Your Spells              Type           Power        Failure   Level  Hunger
a - Beastly Appendage     Tmut           ###...       3%          1    #......
b - Sticks to Snakes      Tmut           ###.....     5%          2    ###....
c - Spider Form           Tmut/Pois      ##........   19%         3    ###....


Dungeon Overview and Level Annotations

Branches:
Dungeon (4/15)
 Temple: D:4-7

Annotations:
D:4 Sigmund


Innate Abilities, Weirdness & Mutations

You have an increased reservoir of magic. (+10% MP)


Message History

The magic dart hits you!
You hit Sigmund.
Sigmund looks as sick as possible!
Sigmund is moderately wounded.
Sigmund mumbles some strange words.
Sigmund flickers and vanishes!
Something hits you! Something burns you.
* * * LOW HITPOINT WARNING * * *
You feel much better.
Your transformation has ended.
Your +0 robe unmelds from your body.
Something hits you! Something burns you.
You barely miss something.
You hear some strange, mumbled words.
A puff of flame appears from out of thin air!
The puff of flame hits you!
* * * LOW HITPOINT WARNING * * *
Unknown command.
You feel better. Something hits you!
* * * LOW HITPOINT WARNING * * *
Something burns you.
You die...

#........##.# .
#..###.####.# . #..#
#.# #.# .#######..#
#.# #.# .........)#
#.####.#
#..######.###.##...#
#..# #......#.###
#..######.###.##{#
..........######@#
#.####.##...# #.#
#.####.##.#.# #.#
#.......#...# #.#
#.####..##.### #[#
..# #.......# #.#
..####..(###.###.#
.........# #.....#
..#####..###.#####


There were no monsters in sight!

Vanquished Creatures
  Natasha (D:2)
  An adder (D:3)
  An ooze (D:2)
  3 dart slugs
  A worm (D:4)
  2 leopard geckos
  4 ball pythons
  5 bats
  2 giant cockroaches (D:1)
  11 goblins
  3 hobgoblins
  A quokka (D:3)
  3 frilled lizards
  3 kobolds
  A leopard gecko zombie (D:3)
  3 rats
45 creatures vanquished.

Vanquished Creatures (collateral kills)
  Terence (D:2)
  Natasha (D:2)
  A dart slug (D:1)
  A giant cockroach (D:1)
  A goblin (D:2)
  2 hobgoblins (D:1)
  A frilled lizard (D:2)
  A kobold (D:1)
9 creatures vanquished.

Grand Total: 54 creatures vanquished

Notes
Turn   | Place    | Note
-------+----------+-------------------------------------------
     0 | D:1      | botchamania the Demigod Transmuter began the quest for the Orb.
     0 | D:1      | Reached XP level 1. HP: 15/15 MP: 5/5
   419 | D:1      | Reached XP level 2. HP: 22/22 MP: 7/7
   431 | D:1      | Learned a level 2 spell: Sticks to Snakes
  1644 | D:2      | Noticed Terence
  1688 | D:2      | Killed Terence
  1688 | D:2      | Reached XP level 3. HP: 27/27 MP: 1/8
  2031 | D:2      | Noticed Natasha
  2049 | D:2      | Killed Natasha
  2137 | D:2      | Noticed Natasha
  2153 | D:2      | Killed Natasha
  2153 | D:2      | Reached XP level 4. HP: 19/34 MP: 1/9
  2440 | D:2      | Learned a level 3 spell: Spider Form
  2681 | D:2      | Found a bloodstained altar of Trog.
  2683 | D:2      | Found a stormy altar of Qazlal.
  2683 | D:2      | Found a shimmering altar of Xom.
  2685 | D:2      | Found a hide-covered altar of Uskayaw.
  2685 | D:2      | Found a hide-covered altar of Uskayaw.
  2685 | D:2      | Found a blossoming altar of Fedhas.
  2910 | D:3      | Found a faded altar of an unknown god.
  3011 | D:3      | Reached skill level 1 in Poison Magic
  3674 | D:4      | Found a shadowy altar of Dithmenos.
  4045 | D:4      | Noticed Sigmund
  4111 | D:4      | Slain by Sigmund

Skill      XL: |  1  2  3  4 |
---------------+-------------+-----
Transmutations | 2 3 |  3.8
Unarmed Combat | 3 |  3.3
Poison Magic   | 1 |  1.3
Fighting       | |  0.8
Dodging        | |  1.7
Spellcasting   | |  1.7

Action                   |  1- 3 |  4- 6 || total
-------------------------+-------+-------++-------
Melee: Unarmed           |   111 |    73 ||   184
       Headbutt          |     3 |     1 ||     4
       Kick              |     7 |     2 ||     9
       Punch             |     2 |     2 ||     4
 Cast: Beastly Appendage |    10 |     3 ||    13
       Sticks to Snakes  |    15 |     2 ||    17
       Spider Form       |       |     3 ||     3
  Use: Scroll            |     3 |     4 ||     7
       Potion            |     1 |     3 ||     4
 Stab: Sleeping          |     1 |     2 ||     3
  Eat: Chunk             |     5 |     6 ||    11
Armor: Robe              |    19 |     9 ||    28
       Skin              |       |     1 ||     1
Dodge: Dodged            |    68 |    42 ||   110
